| TOP OF THE 1ST |
|
Oakland Athletics batting - Pitching for Seattle Mariners : LHP Larry Tuckfard
|
|
Pitching: LHP Larry Tuckfard
|
|
|
Batting: RHB Philip Jansen
|
0-0: Ground out 5-3 (Groundball, 56, EV 83.8 MPH)
|
|
Batting: RHB Danny Murillo
|
0-0: Ball 1-0: Ball 2-0: DOUBLE (Line Drive, 7LM, EV 105.6 MPH)
|
|
Batting: LHB Sakae Kasahara
|
0-0: Called Strike 0-1: Foul Ball, location: 2F 0-2: Ball 1-2: Strikes out looking
|
|
Batting: RHB Muneo Kawachi
|
0-0: Swinging Strike 0-1: Called Strike 0-2: Strikes out swinging
|
| Top of the 1st over - 0 runs, 1 hit, 0 errors, 1 left on base; Oakland 0 - Seattle 0 |
| BOTTOM OF THE 1ST |
|
Seattle Mariners batting - Pitching for Oakland Athletics : RHP Sean Hill
|
|
Pitching: RHP Sean Hill
|
|
|
Batting: LHB Dae-ik Yoon
|
0-0: Ball 1-0: Ball 2-0: Ball 3-0: Called Strike 3-1: Called Strike 3-2: Fly out, F8 (Flyball, 8RM, EV 73.8 MPH)
|
|
Batting: LHB John Zumbo
|
0-0: Foul Ball, location: 2F 0-1: Ball 1-1: Called Strike 1-2: Ground out 4-3 (Groundball, 4, EV 94.4 MPH)
|
|
Batting: SHB Tze-meng Gan
|
0-0: Ball 1-0: Called Strike 1-1: Swinging Strike 1-2: Foul Ball, location: 2F 1-2: Foul Ball, location: 2F 1-2: Ball 2-2: Foul Ball, location: 2F 2-2: Ball 3-2: Base on Balls
|
|
Batting: LHB Bi-jun Chien
|
0-0: Ball 1-0: Ball 2-0: Swinging Strike 2-1: Swinging Strike 2-2: Strikes out swinging
|
| Bottom of the 1st over - 0 runs, 0 hits, 0 errors, 1 left on base; Oakland 0 - Seattle 0 |
| TOP OF THE 2ND |
|
Oakland Athletics batting - Pitching for Seattle Mariners : LHP Larry Tuckfard
|
|
Batting: LHB Nate Dean
|
0-0: Ball 1-0: Swinging Strike 1-1: Called Strike 1-2: Ball 2-2: Strikes out swinging
|
|
Batting: RHB Justin McQuarter
|
0-0: Ball 1-0: Called Strike 1-1: Foul Ball, location: 2F 1-2: Ball 2-2: Fly out, F9 (Flyball, 9LM, EV 102.5 MPH)
|
|
Batting: SHB Ryan Langlois
|
0-0: Called Strike 0-1: Called Strike 0-2: Ball 1-2: Strikes out swinging
|
| Top of the 2nd over - 0 runs, 0 hits, 0 errors, 0 left on base; Oakland 0 - Seattle 0 |
| BOTTOM OF THE 2ND |
|
Seattle Mariners batting - Pitching for Oakland Athletics : RHP Sean Hill
|
|
Batting: RHB Jose Vasquez
|
0-0: Ground out 5-3 (Groundball, 5, EV 85.6 MPH)
|
|
Batting: RHB Steve Bartman Jr.
|
0-0: Ball 1-0: Ball 2-0: Ball 3-0: Called Strike 3-1: SINGLE (Groundball, P, EV 86.9 MPH) (infield hit)
|
|
Batting: RHB Ivan Colon
|
0-0: Ball 1-0: Called Strike 1-1: Ball 2-1: Foul Ball, location: 2F 2-2: Foul Ball, location: 2F 2-2: Strikes out swinging
|
|
Batting: RHB Young-kwang Ohnn
|
0-0: Ball 1-0: Ball 2-0: Called Strike 2-1: Called Strike 2-2: DOUBLE (Line Drive, 9LM, EV 107.5 MPH) Steve Bartman Jr. to third Steve Bartman Jr. scores
|
|
Batting: RHB Leon Alders
|
0-0: Ground out 6-3 (Groundball, 6, EV 100.0 MPH)
|
| Bottom of the 2nd over - 1 run, 2 hits, 0 errors, 1 left on base; Oakland 0 - Seattle 1 |
| TOP OF THE 3RD |
|
Oakland Athletics batting - Pitching for Seattle Mariners : LHP Larry Tuckfard
|
|
Batting: SHB Todd Hewitt
|
0-0: SINGLE (Groundball, 6MD, EV 96.3 MPH)
|
|
Batting: LHB George Leary
|
0-0: Ball 1-0: Foul Ball, location: 2F 1-1: Called Strike 1-2: SINGLE (Line Drive, 9S, EV 100.6 MPH) Todd Hewitt to second Runner from 2nd tries for 3rd, SAFE, throw by RF made to third
|
|
Batting: RHB Philip Jansen
|
0-0: Ball 1-0: Foul Ball, location: 2F 1-1: Ball 2-1: Ball 3-1: SINGLE (Groundball, 34, EV 97.5 MPH) Todd Hewitt scores George Leary to second Runner from 2nd tries for 3rd, SAFE, throw by RF made to third
|
|
Batting: RHB Danny Murillo
|
0-0: Foul Ball, location: 2F 0-1: Ball 1-1: Ball Philip Jansen is caught stealing 2nd base 2-4 2-1: Ball 3-1: Ground out 4-3 (Groundball, 4M, EV 91.3 MPH) George Leary scores
|
|
Batting: LHB Sakae Kasahara
|
0-0: Ball 1-0: Foul Ball, location: 2F 1-1: Ball 2-1: Foul Ball, location: 2F 2-2: Strikes out swinging
|
| Top of the 3rd over - 2 runs, 3 hits, 0 errors, 0 left on base; Oakland 2 - Seattle 1 |
| BOTTOM OF THE 3RD |
|
Seattle Mariners batting - Pitching for Oakland Athletics : RHP Sean Hill
|
|
Batting: LHB Dae-ik Yoon
|
0-0: SINGLE (Groundball, 34D, EV 108.1 MPH)
|
|
Batting: LHB John Zumbo
|
0-0: Ball 1-0: Swinging Strike 1-1: Ball Wild Pitch! Dae-ik Yoon to second 2-1: Swinging Strike 2-2: Ground out U3 (Groundball, 3L, EV 80.6 MPH) Dae-ik Yoon to third
|
|
Batting: SHB Tze-meng Gan
|
0-0: Called Strike 0-1: Ball 1-1: Foul Ball, location: 2F 1-2: Ball 2-2: Foul Ball, location: 2F 2-2: Foul Ball, location: 2F 2-2: Foul Ball, location: 2F 2-2: SINGLE (Groundball, 25, EV 69.4 MPH) (infield hit)
|
|
Batting: LHB Bi-jun Chien
|
0-0: Grounds into double play, 6-4-3 (Groundball, 6, EV 81.3 MPH)
|
| Bottom of the 3rd over - 0 runs, 2 hits, 0 errors, 1 left on base; Oakland 2 - Seattle 1 |
| TOP OF THE 4TH |
|
Oakland Athletics batting - Pitching for Seattle Mariners : LHP Larry Tuckfard
|
|
Batting: RHB Muneo Kawachi
|
0-0: Ball 1-0: Ball 2-0: Ground out 6-3 (Groundball, 6S, EV 81.3 MPH)
|
|
Batting: LHB Nate Dean
|
0-0: DOUBLE (Line Drive, 78D, EV 105.0 MPH)
|
|
Batting: RHB Justin McQuarter
|
0-0: 2-RUN HOME RUN (Line Drive, 9D, EV 98.1 MPH), Distance : 392 ft
|
|
Batting: SHB Ryan Langlois
|
0-0: Ball 1-0: Ground out 6-3 (Groundball, 6, EV 103.8 MPH)
|
|
Batting: SHB Todd Hewitt
|
0-0: Called Strike 0-1: Foul Ball, location: 2F 0-2: Foul Ball, location: 2F 0-2: Ball 1-2: Foul Ball, location: 2F 1-2: Strikes out looking
|
| Top of the 4th over - 2 runs, 2 hits, 0 errors, 0 left on base; Oakland 4 - Seattle 1 |
| BOTTOM OF THE 4TH |
|
Seattle Mariners batting - Pitching for Oakland Athletics : RHP Sean Hill
|
|
Batting: RHB Jose Vasquez
|
0-0: Called Strike 0-1: Called Strike 0-2: Ball 1-2: Ground out 4-3 (Groundball, 4, EV 100.0 MPH)
|
|
Batting: RHB Steve Bartman Jr.
|
0-0: Called Strike 0-1: Ball 1-1: Ball 2-1: Swinging Strike 2-2: Ball 3-2: Foul Ball, location: 2F 3-2: Ground out 4-3 (Groundball, 4, EV 85.0 MPH)
|
|
Batting: RHB Ivan Colon
|
0-0: Called Strike 0-1: Called Strike 0-2: Ball 1-2: Foul Ball, location: 2F 1-2: SINGLE (Groundball, 6MD, EV 96.3 MPH)
|
|
Batting: RHB Young-kwang Ohnn
|
0-0: Called Strike 0-1: SINGLE (Flyball, 3D, EV 98.1 MPH) Ivan Colon to second Runner from 2nd tries for 3rd, SAFE, no throw by RF
|
|
Batting: RHB Leon Alders
|
0-0: Ball Young-kwang Ohnn is caught stealing 2nd base 2-4
|
| Bottom of the 4th over - 0 runs, 2 hits, 0 errors, 1 left on base; Oakland 4 - Seattle 1 |
| TOP OF THE 5TH |
|
Oakland Athletics batting - Pitching for Seattle Mariners : LHP Larry Tuckfard
|
|
Batting: LHB George Leary
|
0-0: Called Strike 0-1: Ball 1-1: Ball 2-1: Foul Ball, location: 2F 2-2: Strikes out swinging
|
|
Batting: RHB Philip Jansen
|
0-0: Called Strike 0-1: Ball 1-1: Foul Ball, location: 2F 1-2: Strikes out swinging
|
|
Batting: RHB Danny Murillo
|
0-0: SINGLE (Line Drive, 4M, EV 93.8 MPH)
|
|
Batting: LHB Sakae Kasahara
|
0-0: Foul Ball, location: 2F 0-1: Fly out, F9 (Line Drive, 9, EV 93.1 MPH)
|
| Top of the 5th over - 0 runs, 1 hit, 0 errors, 1 left on base; Oakland 4 - Seattle 1 |
| BOTTOM OF THE 5TH |
|
Seattle Mariners batting - Pitching for Oakland Athletics : RHP Sean Hill
|
|
Batting: RHB Leon Alders
|
0-0: Foul Ball, location: 2F 0-1: Called Strike 0-2: Ball 1-2: Strikes out swinging
|
|
Batting: LHB Dae-ik Yoon
|
0-0: Foul Ball, location: 2F 0-1: Ball 1-1: Called Strike 1-2: Fly out, F8 (Flyball, 8RD, EV 90.6 MPH)
|
|
Batting: LHB John Zumbo
|
0-0: Foul Ball, location: 2F 0-1: Ball 1-1: SINGLE (Line Drive, 7LM, EV 103.8 MPH)
|
|
Batting: SHB Tze-meng Gan
|
0-0: Foul Ball, location: 2F 0-1: Foul Ball, location: 2F 0-2: SINGLE (Flyball, 8LS, EV 88.1 MPH) John Zumbo to second
|
|
Batting: LHB Bi-jun Chien
|
0-0: Called Strike 0-1: Ball 1-1: Ball 2-1: Ball 3-1: Base on Balls John Zumbo to third Tze-meng Gan to second
|
|
Batting: RHB Jose Vasquez
|
0-0: Ball 1-0: Ball 2-0: Foul Ball, location: 2F 2-1: Foul Ball, location: 2F 2-2: Ground out 4-3 (Groundball, 4, EV 83.1 MPH)
|
| Bottom of the 5th over - 0 runs, 2 hits, 0 errors, 3 left on base; Oakland 4 - Seattle 1 |
| TOP OF THE 6TH |
|
Oakland Athletics batting - Pitching for Seattle Mariners : LHP Larry Tuckfard
|
|
Batting: RHB Muneo Kawachi
|
0-0: Ball 1-0: Fly out, F5 (Line Drive, 5, EV 66.3 MPH)
|
|
Batting: LHB Nate Dean
|
0-0: Ball 1-0: Foul Ball, location: 2F 1-1: Called Strike 1-2: Ball 2-2: Fly out, F9 (Flyball, 89M, EV 88.1 MPH)
|
|
Batting: RHB Justin McQuarter
|
0-0: Fly out, F8 (Flyball, 89XD, EV 98.1 MPH)
|
| Top of the 6th over - 0 runs, 0 hits, 0 errors, 0 left on base; Oakland 4 - Seattle 1 |
| BOTTOM OF THE 6TH |
|
Seattle Mariners batting - Pitching for Oakland Athletics : RHP Sean Hill
|
|
Pitching: RHP Danny Nsoah
|
|
|
Batting: RHB Steve Bartman Jr.
|
0-0: Called Strike 0-1: Ball 1-1: Ball 2-1: Swinging Strike 2-2: Ball 3-2: Strikes out looking
|
|
Batting: RHB Ivan Colon
|
0-0: SOLO HOME RUN (Flyball, 78XD, EV 101.9 MPH), Distance : 415 ft
|
|
Batting: RHB Young-kwang Ohnn
|
0-0: Foul Ball, location: 2F 0-1: Ball 1-1: Ball 2-1: SINGLE (Groundball, 6S, EV 73.8 MPH) (infield hit)
|
|
Batting: RHB Leon Alders
|
0-0: Called Strike 0-1: Ball Young-kwang Ohnn steals 2nd base (no throw) 1-1: Foul Ball, location: 2F 1-2: Fly out, F8 (Line Drive, 8LM, EV 100.0 MPH)
|
|
Batting: LHB Dae-ik Yoon
|
0-0: SINGLE (Line Drive, 8RS, EV 105.0 MPH) Young-kwang Ohnn to third
|
|
Batting: LHB John Zumbo
|
0-0: Ball 1-0: Foul Ball, location: 2F 1-1: Foul Ball, location: 2F 1-2: Ball 2-2: Ball 3-2: Base on Balls Dae-ik Yoon to second
|
|
Batting: SHB Tze-meng Gan
|
0-0: Ball 1-0: Ball 2-0: Ball 3-0: Called Strike 3-1: Swinging Strike 3-2: Foul Ball, location: 2F 3-2: Base on Balls Young-kwang Ohnn scores Dae-ik Yoon to third John Zumbo to second
|
|
Batting: LHB Bi-jun Chien
|
0-0: Swinging Strike 0-1: Called Strike 0-2: Ball 1-2: Foul Ball, location: 2F 1-2: Ball 2-2: Ball 3-2: Base on Balls Dae-ik Yoon scores John Zumbo to third Tze-meng Gan to second
|
|
Pitching: LHP Neal Chauveau
|
|
|
Batting: RHB Jose Vasquez
|
0-0: Ball 1-0: Foul Ball, location: 2F 1-1: Foul Ball, location: 2F 1-2: Foul Ball, location: 2F 1-2: Strikes out swinging
|
| Bottom of the 6th over - 3 runs, 3 hits, 0 errors, 3 left on base; Oakland 4 - Seattle 4 |
| TOP OF THE 7TH |
|
Oakland Athletics batting - Pitching for Seattle Mariners : LHP Larry Tuckfard
|
|
Batting: SHB Ryan Langlois
|
0-0: Ball 1-0: Ground out 4-3 (Groundball, 4MS, EV 75.6 MPH)
|
|
Batting: SHB Todd Hewitt
|
0-0: Ball 1-0: Ball 2-0: Called Strike 2-1: Foul Ball, location: 2F 2-2: Strikes out swinging
|
|
Batting: LHB George Leary
|
0-0: Ball 1-0: Ball 2-0: Called Strike 2-1: SINGLE (Line Drive, 89M, EV 89.4 MPH)
|
|
Batting: RHB Philip Jansen
|
0-0: Called Strike 0-1: Ball 1-1: Foul Ball, location: 2F 1-2: Ball 2-2: Fielders Choice at 2nd, U6 (Groundball, 6M, EV 97.5 MPH)
|
| Top of the 7th over - 0 runs, 1 hit, 0 errors, 1 left on base; Oakland 4 - Seattle 4 |
| BOTTOM OF THE 7TH |
|
Seattle Mariners batting - Pitching for Oakland Athletics : LHP Neal Chauveau
|
|
Batting: RHB Steve Bartman Jr.
|
0-0: Swinging Strike 0-1: Foul Ball, location: 2F 0-2: Foul Ball, location: 2F 0-2: Fly out, F6 (Popup, P, EV 89.4 MPH)
|
|
Batting: RHB Ivan Colon
|
0-0: Swinging Strike 0-1: Called Strike 0-2: Ball 1-2: Ball 2-2: Foul Ball, location: 2F 2-2: Foul Ball, location: 2F 2-2: Strikes out swinging
|
|
Batting: RHB Young-kwang Ohnn
|
0-0: Ground out 4-3 (Groundball, 13, EV 80.0 MPH)
|
| Bottom of the 7th over - 0 runs, 0 hits, 0 errors, 0 left on base; Oakland 4 - Seattle 4 |
| TOP OF THE 8TH |
|
Oakland Athletics batting - Pitching for Seattle Mariners : LHP Larry Tuckfard
|
|
Batting: RHB Danny Murillo
|
0-0: Called Strike 0-1: Called Strike 0-2: Ball 1-2: Strikes out looking
|
|
Batting: LHB Sakae Kasahara
|
0-0: DOUBLE (Line Drive, 7LM, EV 90.6 MPH)
|
|
Batting: RHB Muneo Kawachi
|
0-0: Called Strike 0-1: Ball 1-1: Foul Ball, location: 2F 1-2: Foul Ball, location: 2F 1-2: Foul Ball, location: 2F 1-2: Foul Ball, location: 2F 1-2: Ball 2-2: Ball 3-2: Base on Balls
|
|
Pitching: RHP William Cordero
|
|
|
Batting: LHB Nate Dean
|
0-0: Swinging Strike 0-1: Swinging Strike 0-2: Strikes out looking
|
|
Pinch Hitting: LHB Tommy King
|
0-0: Swinging Strike 0-1: Ball 1-1: Ball 2-1: Foul Ball, location: 2F 2-2: Ball 3-2: Foul Ball, location: 2F 3-2: Strikes out swinging
|
| Top of the 8th over - 0 runs, 1 hit, 0 errors, 2 left on base; Oakland 4 - Seattle 4 |
| BOTTOM OF THE 8TH |
|
Seattle Mariners batting - Pitching for Oakland Athletics : LHP Neal Chauveau
|
|
Now at 3B: Sébastien Piat
|
|
|
Batting: RHB Leon Alders
|
0-0: Foul Ball, location: 2F 0-1: Ground out 5-3 (Groundball, 56, EV 103.1 MPH)
|
|
Batting: LHB Dae-ik Yoon
|
0-0: Ball 1-0: Ball 2-0: Ground out 5-3 (Groundball, 5, EV 91.9 MPH)
|
|
Batting: LHB John Zumbo
|
0-0: Ball 1-0: Ball 2-0: Ball 3-0: Base on Balls
|
|
Batting: SHB Tze-meng Gan
|
0-0: Called Strike 0-1: Swinging Strike 0-2: Strikes out swinging
|
| Bottom of the 8th over - 0 runs, 0 hits, 0 errors, 1 left on base; Oakland 4 - Seattle 4 |
| TOP OF THE 9TH |
|
Oakland Athletics batting - Pitching for Seattle Mariners : RHP William Cordero
|
|
Pitching: RHP David Sly
|
|
|
Batting: SHB Ryan Langlois
|
0-0: Ball 1-0: Ball 2-0: Foul Ball, location: 2F 2-1: Swinging Strike 2-2: Foul Ball, location: 2F 2-2: Strikes out looking
|
|
Batting: SHB Todd Hewitt
|
0-0: Called Strike 0-1: Called Strike 0-2: Strikes out swinging, 2-3 out at first.
|
|
Batting: LHB George Leary
|
0-0: SINGLE (Groundball, 13S, EV 74.4 MPH) (infield hit)
|
|
Pinch Hitting: SHB Robert Handy
|
0-0: Ball George Leary steals 2nd base 1-0: Ball 2-0: Ball 3-0: Base on Balls
|
|
Batting: RHB Danny Murillo
|
0-0: Foul Ball, location: 2F 0-1: Ball 1-1: Called Strike 1-2: Strikes out swinging
|
| Top of the 9th over - 0 runs, 1 hit, 0 errors, 2 left on base; Oakland 4 - Seattle 4 |
| BOTTOM OF THE 9TH |
|
Seattle Mariners batting - Pitching for Oakland Athletics : LHP Neal Chauveau
|
|
Pitching: RHP Kyle Ehret
|
|
|
Now in LF: Bob Morales
|
|
|
Batting: LHB Bi-jun Chien
|
0-0: Called Strike 0-1: Swinging Strike 0-2: Foul Ball, location: 2F 0-2: Foul Ball, location: 2F 0-2: Foul Ball, location: 2F 0-2: Ball 1-2: Ball 2-2: Strikes out looking
|
|
Batting: RHB Jose Vasquez
|
0-0: Foul Ball, location: 2F 0-1: Fly out, F8 (Flyball, 8LD, EV 99.4 MPH)
|
|
Batting: RHB Steve Bartman Jr.
|
0-0: Called Strike 0-1: Ball 1-1: Foul Ball, location: 2F 1-2: Ground out 6-3 (Groundball, 6, EV 85.0 MPH)
|
| Bottom of the 9th over - 0 runs, 0 hits, 0 errors, 0 left on base; Oakland 4 - Seattle 4 |
| TOP OF THE 10TH |
|
Oakland Athletics batting - Pitching for Seattle Mariners : RHP David Sly
|
|
Batting: LHB Sakae Kasahara
|
0-0: Foul Ball, location: 2F 0-1: Fly out, F8 (Flyball, 8LS, EV 91.3 MPH)
|
|
Batting: RHB Muneo Kawachi
|
0-0: Ball 1-0: Ball 2-0: Swinging Strike 2-1: Called Strike 2-2: Strikes out looking
|
|
Batting: LHB Nate Dean
|
0-0: Ball 1-0: Ball 2-0: Ball 3-0: Base on Balls
|
|
Batting: RHB Sébastien Piat
|
0-0: Ball 1-0: Ball 2-0: Foul Ball, location: 2F 2-1: Ball 3-1: Foul Ball, location: 2F 3-2: Foul Ball, location: 2F 3-2: Base on Balls Nate Dean to second
|
|
Pitching: LHP David Anaya
|
|
|
Batting: SHB Ryan Langlois
|
0-0: Ball Wild Pitch! Nate Dean to third Sébastien Piat to second 1-0: Foul Ball, location: 2F 1-1: Ball 2-1: Ground out U3 (Groundball, 3, EV 80.6 MPH)
|
| Top of the 10th over - 0 runs, 0 hits, 0 errors, 2 left on base; Oakland 4 - Seattle 4 |
| BOTTOM OF THE 10TH |
|
Seattle Mariners batting - Pitching for Oakland Athletics : RHP Kyle Ehret
|
|
Batting: RHB Ivan Colon
|
0-0: Ball 1-0: Called Strike 1-1: Foul Ball, location: 2F 1-2: SINGLE (Line Drive, 56, EV 96.3 MPH)
|
|
Pinch Runner at 1st Floyd-William Goof:
|
|
|
Batting: RHB Young-kwang Ohnn
|
0-0: Foul Ball, location: 2F 0-1: Foul Ball, location: 2F 0-2: Ball 1-2: Ball 2-2: Fly out, F8 (Line Drive, 8LD, EV 88.1 MPH)
|
|
Batting: RHB Leon Alders
|
0-0: Ball 1-0: Ball 2-0: SINGLE (Groundball, 4MD, EV 87.5 MPH) (infield hit) Floyd-William Goof to second
|
|
Batting: LHB Dae-ik Yoon
|
0-0: Foul Ball, location: 2F 0-1: Foul Ball, location: 2F 0-2: Ball 1-2: Ball 2-2: SINGLE (Flyball, 4D, EV 92.5 MPH) Floyd-William Goof to third Leon Alders to second Runner from 3rd tries for Home, SAFE, throw by RF to home
|
| Bottom of the 10th over - 1 run, 3 hits, 0 errors, 0 left on base; Oakland 4 - Seattle 5 |
| |
|
Game Over ... Seattle defeats Oakland, 5 to 4
|
|
|